 Dungeon Crawl Stone Soup version 0.20.1-1-g8b1a95d (webtiles) character file.

22 Monsterracer the Insei (level 2, -2/21 HPs)
             Began as a Barachi Transmuter on Sept 2, 2017.
             Slain by a goblin
             ... wielding a +0 dagger of electrocution
              (20 damage)
             ... on level 1 of the Dungeon.
             The game lasted 00:01:08 (436 turns).

Monsterracer the Insei (Barachi Transmuter)          Turns: 436, Time: 00:01:09

Health: -2/21      AC:  2    Str: 11    XL:     2   Next: 91%
Magic:  4/5        EV: 12    Int: 13    God:
Gold:   92         SH:  0    Dex: 12    Spells: 2/5 levels left

rFire    . . .     SeeInvis .     - Unarmed
rCold    . . .     Gourm    .   (no shield)
rNeg     . . .     Faith    .   b - +0 robe
rPois    .         Spirit   .   (no helmet)
rElec    .         Reflect  .   (no cloak)
rCorr    .         Harm     .   (no gloves)
MR       .....                  (boots currently unavailable)
Stlth    +.........             (no amulet)
Regen    0.1/turn               (no ring)
MPRegen  0.1/turn               (no ring)

@: appendage (expiring), slow
A: +LOS, swims, talons 3, slowness 1, strong legs 1
a: Hop, End Transformation


You were on level 1 of the Dungeon.
You were not hungry.
You had grown temporary talons.
You visited 1 branch of the dungeon, and saw 2 of its levels.

You collected 92 gold pieces.

Inventory:

Missiles
 a - 12 arrows
Armour
 b - a +0 robe (worn)
Scrolls
 h - 2 scrolls of identify
Books
 c - a book of Changes

   Spells                             Type                      Level
   a - Beastly Appendage              Transmutation                1
   b - Sticks to Snakes               Transmutation                2
   c - Spider Form                    Transmutation/Poison         3
   d - Ice Form                       Ice/Transmutation            4
   e - Blade Hands                    Transmutation                5
Comestibles
 d - a bread ration
 f - a meat ration
 g - 2 fruits


   Skills:
 - Level 1.2 Fighting
 - Level 2.1 Dodging
 + Level 4.0 Unarmed Combat
 - Level 2.1 Spellcasting
 + Level 2.9 Transmutations


You had 2 spell levels left.
You knew the following spells:

 Your Spells              Type           Power        Failure   Level  Hunger
a - Beastly Appendage     Tmut           #.....       8%          1    ##.....
b - Sticks to Snakes      Tmut           #.......     12%         2    ###....


Dungeon Overview and Level Annotations

Branches:
Dungeon (2/15)

Altars:


Innate Abilities, Weirdness & Mutations

Shadows flee at your approach. (+LOS)
You can swim through water.
You cover ground slowly.
You can hop short distances.
You have claws for feet.


Message History

The hobgoblin shouts!
The kobold shouts!
A goblin comes into view.
It is wielding a dagger of electrocution.
You hit the kobold.
You kill the kobold!
The hobgoblin barely misses you.
You see here a dagger.
You hit the hobgoblin.
The hobgoblin is moderately wounded.
Your transformation is almost over.
The hobgoblin closely misses you.
You barely miss the hobgoblin. Your kick misses the hobgoblin.
The hobgoblin is moderately wounded.
The hobgoblin hits you.
Damage: -10%(-2hp) hp: 86%(18hp)
You hit the hobgoblin.
You kill the hobgoblin!
Your Unarmed Combat skill increases to level 4!
The goblin hits you but does no damage.
You are electrocuted!
Ouch! That really hurt!
You die...

## #. #. .# . ## #.
#.###..####. #.
#....... #..
#.######.##...###..
#......#.##.#...#..
#g†# #..........#..
#.@###.....#....#..
#...............#..
##.###.....#....#..
#(...#..).....###.
#....##.###..#####
##...##.# #.......
#.......# ##)#####
#....#### #.#....
#.#.## #.#.##.


You could see a goblin.

Vanquished Creatures
  An ooze (D:1)
  A dart slug (D:1)
  A leopard gecko (D:1)
  A giant cockroach (D:1)
  2 goblins (D:1)
  3 hobgoblins (D:1)
  2 jackals (D:1)
  A kobold (D:1)
  A rat (D:1)
13 creatures vanquished.

Notes
Turn   | Place    | Note
-------+----------+-------------------------------------------
     0 | D:1      | Monsterracer the Barachi Transmuter began the quest for the Orb.
     0 | D:1      | Reached XP level 1. HP: 15/15 MP: 3/3
   176 | D:1      | You fall through a shaft!
   196 | D:1      | Reached XP level 2. HP: 17/21 MP: 5/5
   251 | D:1      | Learned a level 2 spell: Sticks to Snakes
   436 | D:1      | Reached skill level 4 in Unarmed Combat
   436 | D:1      | Slain by a goblin

Skill      XL: |  1  2 |
---------------+-------+-----
Unarmed Combat | 4 |  4.0
Fighting       | |  1.2
Dodging        | |  2.1
Spellcasting   | |  2.1
Transmutations | |  2.9

Action                   || total
-------------------------++-------
Melee: Unarmed           ||    30
       Kick              ||     1
       Headbutt          ||     2
 Cast: Beastly Appendage ||     7
  Use: Scroll            ||     2
Dodge: Dodged            ||    15
